 Dungeon Crawl Stone Soup version 0.29.1-15-g9cfb28693d (webtiles) character file.

Game seed: 10468490312087593179

126 dudediamond6 the Sneak (level 5, -2/36 HPs)
             Began as an Octopode Brigand on Mar 30, 2023.
             Killed from afar by an orc wizard (5 damage)
             ... with a magic dart
             ... on level 3 of the Dungeon.
             The game lasted 00:03:08 (2945 turns).

dudediamond6 the Sneak (Octopode Brigand)           Turns: 2945, Time: 00:03:08

Health: -2/36      AC:  1    Str: 10    XL:     5   Next: 10%
Magic:  5/5        EV: 13    Int: 13    God:
Gold:   184        SH:  0    Dex: 16    Spells: 4/4 levels left

rFire   . . .      SeeInvis .   a - +2 dagger
rCold   . . .      Faith    .   (no shield)
rNeg    . . .      Spirit   .   (helmet restricted)
rPois   .          Reflect  .   (no amulet)
rElec   .          Harm     .   (no ring)
rCorr   .          Rampage  .   (no ring)
Will    .....                   (no ring)
Stlth   +++++.....              (no ring)
HPRegen 0.12/turn               (no ring)
MPRegen 0.09/turn               (no ring)
                                (no ring)
                                (no ring)

@: no status effects
A: almost no armour, amphibious, 8 rings, camouflage 1, gelatinous body 1,
(nimble swimmer 1), tentacles
a: no special abilities


You were on level 3 of the Dungeon.
You visited 1 branch of the dungeon, and saw 3 of its levels.

You collected 184 gold pieces.

Inventory:

Hand Weapons
 a - a +2 dagger (weapon)
Missiles
 b - 17 poisoned darts (quivered)
 c - 3 curare-tipped darts
 k - 3 atropa-tipped darts
 r - a throwing net
Scrolls
 d - 3 scrolls of magic mapping {unknown}
 e - 3 scrolls of fog {unknown}
 g - a scroll of vulnerability {unknown}
 h - 2 scrolls of identify {unknown}
 j - 4 scrolls of enchant armour {unknown}
 m - a scroll of noise {unknown}
 n - a scroll of brand weapon {unknown}
 o - a scroll of teleportation {unknown}
 p - a scroll of summoning {unknown}
 q - a scroll of enchant weapon {unknown}
 v - a scroll of immolation {unknown}
Potions
 f - a potion of resistance {unknown}
 i - a potion of attraction {unknown}
 l - 2 potions of lignification {unknown}
 s - a potion of flight {unknown}
 t - a potion of berserk rage {unknown}
 u - a potion of degeneration {unknown}


   Skills:
 * Level 2.8 Fighting
 * Level 2.9 Short Blades
 + Level 2.1 Throwing
 + Level 1.3 Dodging
 + Level 7.2 Stealth


You had 4 spell levels left.
You didn't know any spells.
Your spell library contained the following spells:

 Spells                   Type           Power      Damage    Failure   Level
 Slow                     Hex            0%         N/A       30%         1
 Sublimation of Blood     Necr           0%         N/A       43%         2
 Wereblood                Tmut           0%         N/A       43%         2
 Call Canine Familiar     Summ           0%         N/A       67%         3
 Confusing Touch          Hex            0%         N/A       67%         3
 Portal Projectile        Hex/Tloc       0%         N/A       67%         3
 Vampiric Draining        Necr           0%         2d6       67%         3
 Leda's Liquefaction      Hex/Erth       0%         N/A       97%         4
 Summon Hydra             Summ           0%         N/A       100%        7


Dungeon Overview and Level Annotations

Branches:
Dungeon (3/15)

Altars:
Nemelex Xobeh
Qazlal
Vehumet
Lugonu

Portals:
Abyss: D:1

Annotations:
D:1 2 runed translucent doors


Innate Abilities, Weirdness & Mutations

You cannot wear most types of armour.
You are amphibious.
You can wear up to eight rings at the same time.
Your skin changes colour to match your surroundings (Stealth+).
Your rubbery body absorbs attacks. (AC +1, EV +1)
((You are camouflaged when in or above water. (Stealth+)))
You have tentacles for arms and can constrict up to eight enemies at once.


Message History

You kill the orc!
The orc wizard gestures at you while chanting.
You are confused.
You are too confused!
You are too confused!
You are too confused!
You are too confused!
You bump into the rock wall.
You bump into the rock wall.
The orc wizard hits you with a +0 dagger.
You bump into the rock wall.
The orc wizard casts a spell.
The orc wizard flickers and vanishes!
Deactivating autopickup; reactivate with Ctrl-A.
You barely miss something. Something hits you.
You bump into the rock wall.
Something hits you.
You bump into the rock wall.
Something barely misses you.
You bump into the rock wall.
You feel less confused. Something hits you but does no damage.
You barely miss something. Something hits you.
You hit something. You barely miss something. Something hits you.
You miss something. Your squeeze misses something. Something hits you.
You hit something. Your squeeze misses something. Something hits you.
You miss something.
You hear some strange, mumbled words.
A puff of flame appears from out of thin air!
The puff of flame hits you.
* * * LOW HITPOINT WARNING * * *
You barely miss something. Something hits you.
* * * LOW HITPOINT WARNING * * *
You barely miss something. You squeeze something. Something hits you.
* * * LOW HITPOINT WARNING * * *
You closely miss something. Your squeeze misses something. You hit something.
You hear some strange, mumbled words.
A magic dart appears from out of thin air!
The magic dart hits you.
You die...

#.#.# #.# #.. #.#.#
#.# #..
#.#.###.######..
#####.#.#...........
#.......#..........
###.#.###..).......
#.#.# #..........
#)#.###..........
#@#......(#######
#{#.......#
#.#.......#
#.#.......#
#.#.......#
#.#.......#
#.#.##..#.#
#.#.....#.#
.#######.########


There were no monsters in sight!

Vanquished Creatures
  An orc priest (D:3)
  An orc wizard (D:3)
  An adder (D:3)
  A dart slug (D:2)
  6 orcs (D:3)
  4 endoplasms
  2 giant cockroaches (D:3)
  6 goblins
  4 hobgoblins
  3 jackals (D:2)
  4 kobolds
  4 quokkas
  4 ball pythons
  6 bats
  A frilled lizard (D:3)
  5 rats
53 creatures vanquished.

Notes
Turn   | Place    | Note
-------+----------+-------------------------------------------
     0 | D:1      | dudediamond6 the Octopode Brigand began the quest for the
                  | Orb.
     0 | D:1      | Reached XP level 1. HP: 14/14 MP: 1/1
   182 | D:1      | Found a large runed translucent door.
   182 | D:1      | Found a large runed translucent door.
   183 | D:1      | Noticed a crimson imp
   183 | D:1      | Noticed a quasit
   184 | D:1      | Found a corrupted altar of Lugonu.
   184 | D:1      | Found a one-way gate to the infinite horrors of the Abyss.
   184 | D:1      | Noticed a crimson imp
   185 | D:1      | Noticed a crimson imp
   185 | D:1      | Noticed a quasit
   185 | D:1      | Noticed a crimson imp
   213 | D:1      | Reached XP level 2. HP: 19/19 MP: 2/2
   537 | D:1      | Reached skill level 6 in Stealth
   992 | D:2      | Reached XP level 3. HP: 19/25 MP: 3/3
  1462 | D:2      | Found a faded altar of an unknown god.
  1623 | D:2      | Found a stormy altar of Qazlal.
  1997 | D:3      | Found a radiant altar of Vehumet.
  2000 | D:3      | Found a sparkling altar of Nemelex Xobeh.
  2115 | D:3      | Reached XP level 4. HP: 19/30 MP: 4/4
  2310 | D:3      | Reached skill level 7 in Stealth
  2310 | D:3      | Reached XP level 5. HP: 17/35 MP: 5/5
  2945 | D:3      | Killed from afar by an orc wizard

Illustrated notes

Levels and vault maps discovered:
D:1:      erik_arrival_cave_to_civilisation [erik_arrival_cave_to_temple],
          layout_basic
D:2:      layout_loops_cross, ebering_ecumenical_altar_mist, basic_altar
D:3:      layout_basic, chequers_temple_overflow_statue_of_worship

Skill      XL: |  1  2  3  4 |
---------------+-------------+-----
Stealth        | 6 7 |  7.2
Fighting       | |  2.8
Short Blades   | |  2.9
Throwing       | |  2.1
Dodging        | |  1.3

Action                   |  1- 3 |  4- 6 || total
-------------------------+-------+-------++-------
Melee: Dagger            |    72 |    43 ||   115
       Constrict         |    11 |     8 ||    19
       Tentacles         |     8 |     7 ||    15
       Punch             |     2 |       ||     2
 Stab: Sleeping          |    21 |     3 ||    24
       Distracted        |     1 |       ||     1
Armor: Skin              |     5 |     4 ||     9
Dodge: Dodged            |    33 |     8 ||    41
